TOP OF THE 1ST |
Gastonia Rockets batting - Pitching for Anderson Rebels : RHP Steven Smith
|
Pitching: RHP Steven Smith
|
|
Batting: RHB Glenn Jones
|
0-0: Foul Ball, location: 2F 0-1: Ball 1-1: Called Strike 1-2: Ground out 5-3 (Groundball, 5L, EV 105.0 MPH)
|
Batting: RHB Jackie Wright
|
0-0: Ball 1-0: Foul Ball, location: 2F 1-1: Ground out 4-3 (Groundball, 4S, EV 68.8 MPH)
|
Batting: LHB Dale Holman
|
0-0: Ball 1-0: Foul Ball, location: 2F 1-1: Ball 2-1: Foul Ball, location: 2F 2-2: Fly out, F7 (Flyball, 78XD, EV 103.1 MPH)
|
Top of the 1st over - 0 runs, 0 hits, 0 errors, 0 left on base; Gastonia 0 - Anderson 0 |
BOTTOM OF THE 1ST |
Anderson Rebels batting - Pitching for Gastonia Rockets : RHP Rod Boxberger
|
Pitching: RHP Rod Boxberger
|
|
Batting: RHB Mike Gallego
|
0-0: Ball 1-0: Foul Ball, location: 2F 1-1: SINGLE (Groundball, 34D, EV 98.8 MPH)
|
Batting: LHB Eli Aldridge
|
0-0: Ball 1-0: Called Strike 1-1: Ball 2-1: Swinging Strike 2-2: Foul Ball, location: 2F 2-2: SINGLE (Flyball, 6D, EV 88.8 MPH) Mike Gallego to second
|
Batting: RHB Henry Cotto
|
0-0: Ball 1-0: Called Strike 1-1: Reached on error, E6 (Groundball, 6, EV 106.3 MPH) Mike Gallego to third Eli Aldridge to second
|
Batting: RHB Larry See
|
0-0: Foul Ball, location: 2F 0-1: Ball 1-1: Ball 2-1: Ball 3-1: Fielders Choice at 2nd, 5-4 (Groundball, 5S, EV 83.1 MPH) Mike Gallego scores Eli Aldridge to third
|
Batting: RHB Todd Demeter
|
0-0: Called Strike 0-1: Ball 1-1: Ball 2-1: Ball 3-1: Base on Balls Larry See to second
|
Batting: LHB James Beck
|
0-0: Called Strike 0-1: Ball 1-1: Called Strike 1-2: Ball 2-2: Ball 3-2: Foul Ball, location: 2F 3-2: Base on Balls Eli Aldridge scores Larry See to third Todd Demeter to second
|
Batting: RHB Guillermo Montiel
|
0-0: SINGLE (Line Drive, 7S, EV 106.9 MPH) Larry See scores Todd Demeter to third James Beck to second Runner from 3rd tries for Home, SAFE, throw by LF to home
|
Batting: RHB Jose Bernhardt
|
0-0: Called Strike 0-1: Swinging Strike 0-2: DOUBLE (Flyball, 8LXD, EV 97.5 MPH) James Beck scores Guillermo Montiel to third Runner from 3rd tries for Home, SAFE, no throw by CF
|
Pitching: RHP Thomas DeRosa
|
|
Batting: LHB Tad Venger
|
0-0: Foul Ball, location: 2F 0-1: Ball 1-1: Foul Ball, location: 2F 1-2: Strikes out swinging
|
Batting: RHB Mike Gallego
|
0-0: Ball 1-0: Ball 2-0: Called Strike 2-1: Foul Ball, location: 2F 2-2: SINGLE (Groundball, 4MD, EV 95.6 MPH) Jose Bernhardt to third Runner from 3rd tries for Home, SAFE, throw by CF to home
|
Batting: LHB Eli Aldridge
|
0-0: Ball 1-0: Called Strike 1-1: Called Strike 1-2: Fly out, F7 (Flyball, 7D, EV 86.3 MPH)
|
Bottom of the 1st over - 7 runs, 5 hits, 1 error, 1 left on base; Gastonia 0 - Anderson 7 |
TOP OF THE 2ND |
Gastonia Rockets batting - Pitching for Anderson Rebels : RHP Steven Smith
|
Batting: RHB Mark Davidson
|
0-0: Foul Ball, location: 2F 0-1: Called Strike 0-2: DOUBLE (Line Drive, 78XD, EV 110.0 MPH)
|
Batting: LHB Reginald Thomas
|
0-0: Called Strike 0-1: Swinging Strike 0-2: Ball 1-2: Fly out, F9 (Flyball, 8RS, EV 91.3 MPH)
|
Batting: RHB James Crawford
|
0-0: Called Strike 0-1: Fly out, F9 (Flyball, 89D, EV 106.3 MPH) Runner from 2nd tags up, SAFE at 3rd, no throw by RF
|
Batting: RHB Pat Dumouchelle
|
0-0: Ball 1-0: Ball 2-0: DOUBLE (Flyball, 8RXD, EV 92.5 MPH) Mark Davidson scores
|
Batting: RHB Donald Murelli
|
0-0: Called Strike 0-1: Fly out, F8 (Flyball, 89XD, EV 98.8 MPH)
|
Top of the 2nd over - 1 run, 2 hits, 0 errors, 1 left on base; Gastonia 1 - Anderson 7 |
BOTTOM OF THE 2ND |
Anderson Rebels batting - Pitching for Gastonia Rockets : RHP Thomas DeRosa
|
Batting: RHB Henry Cotto
|
0-0: Fly out, F8 (Flyball, 8LM, EV 91.3 MPH)
|
Batting: RHB Larry See
|
0-0: DOUBLE (Flyball, 8LXD, EV 94.4 MPH)
|
Batting: RHB Todd Demeter
|
0-0: Ball 1-0: SINGLE (Line Drive, 89S, EV 86.3 MPH) Larry See to third Runner from 3rd tries for Home, SAFE, throw by RF to home
|
Batting: LHB James Beck
|
0-0: Ball 1-0: Ball 2-0: 2-RUN HOME RUN (Flyball, 9D, EV 113.1 MPH), Distance : 369 ft
|
Batting: RHB Guillermo Montiel
|
0-0: Ball 1-0: Ground out 4-3 (Groundball, 34, EV 103.8 MPH)
|
Batting: RHB Jose Bernhardt
|
0-0: Ball 1-0: Called Strike 1-1: Swinging Strike 1-2: Ball 2-2: Foul Ball, location: 2F 2-2: DOUBLE (Line Drive, 7LM, EV 104.4 MPH)
|
Batting: LHB Tad Venger
|
0-0: Called Strike 0-1: Fly out, F7 (Flyball, 78S, EV 86.9 MPH)
|
Bottom of the 2nd over - 3 runs, 4 hits, 0 errors, 1 left on base; Gastonia 1 - Anderson 10 |
TOP OF THE 3RD |
Gastonia Rockets batting - Pitching for Anderson Rebels : RHP Steven Smith
|
Batting: RHB Kurt Kingsolver
|
0-0: Called Strike 0-1: SINGLE (Groundball, 56D, EV 107.5 MPH)
|
Batting: RHB Glenn Jones
|
0-0: Ball Kurt Kingsolver steals 2nd base 1-0: Called Strike Kurt Kingsolver steals 3rd base 1-1: Ground out 5-3 (Groundball, 56S, EV 84.4 MPH) Kurt Kingsolver scores
|
Batting: RHB Jackie Wright
|
0-0: Called Strike 0-1: Fly out, F4 (Popup, 4, EV 64.4 MPH)
|
Batting: LHB Dale Holman
|
0-0: Fly out, F4 (Line Drive, 4, EV 70.6 MPH)
|
Top of the 3rd over - 1 run, 1 hit, 0 errors, 0 left on base; Gastonia 2 - Anderson 10 |
BOTTOM OF THE 3RD |
Anderson Rebels batting - Pitching for Gastonia Rockets : RHP Thomas DeRosa
|
Batting: RHB Mike Gallego
|
0-0: Ball 1-0: Ball 2-0: Ball 3-0: Called Strike 3-1: Called Strike 3-2: Base on Balls
|
Batting: LHB Eli Aldridge
|
0-0: Foul Ball, location: 2F 0-1: Foul Ball, location: 2F 0-2: Ball 1-2: SINGLE (Groundball, 34D, EV 81.3 MPH) (infield hit) Mike Gallego to second
|
Batting: RHB Henry Cotto
|
0-0: Called Strike 0-1: Fly out, F8 (Flyball, 8RS, EV 71.3 MPH)
|
Batting: RHB Larry See
|
0-0: Ball 1-0: Ball 2-0: Foul Ball, location: 2F 2-1: Foul Ball, location: 2F 2-2: Ball 3-2: Foul Ball, location: 2F 3-2: Base on Balls Mike Gallego to third Eli Aldridge to second
|
Batting: RHB Todd Demeter
|
0-0: Foul Ball, location: 2F 0-1: Foul Ball, location: 2F 0-2: Strikes out looking
|
Batting: LHB James Beck
|
0-0: Ground out 4-3 (Groundball, 4, EV 107.5 MPH)
|
Bottom of the 3rd over - 0 runs, 1 hit, 0 errors, 3 left on base; Gastonia 2 - Anderson 10 |
TOP OF THE 4TH |
Gastonia Rockets batting - Pitching for Anderson Rebels : RHP Steven Smith
|
Batting: RHB Mark Davidson
|
0-0: Called Strike 0-1: Swinging Strike 0-2: Ball 1-2: Foul Ball, location: 2F 1-2: Ball 2-2: Strikes out swinging
|
Batting: LHB Reginald Thomas
|
0-0: Ground out 4-3 (Groundball, 4, EV 107.5 MPH)
|
Batting: RHB James Crawford
|
0-0: Ball 1-0: Foul Ball, location: 2F 1-1: SINGLE (Flyball, 7S, EV 96.9 MPH)
|
Batting: RHB Pat Dumouchelle
|
0-0: Ball 1-0: Swinging Strike 1-1: Ball James Crawford steals 2nd base (no throw) 2-1: Foul Ball, location: 2F 2-2: Ground out 4-3 (Groundball, 4, EV 78.8 MPH)
|
Top of the 4th over - 0 runs, 1 hit, 0 errors, 1 left on base; Gastonia 2 - Anderson 10 |
BOTTOM OF THE 4TH |
Anderson Rebels batting - Pitching for Gastonia Rockets : RHP Thomas DeRosa
|
Batting: RHB Guillermo Montiel
|
0-0: Called Strike 0-1: Ball 1-1: Ball 2-1: Foul Ball, location: 2F 2-2: Ball 3-2: Base on Balls
|
Pitching: LHP David Cammack
|
|
Batting: RHB Jose Bernhardt
|
0-0: Ball 1-0: Fly out, F8 (Line Drive, 8RD, EV 95.6 MPH)
|
Batting: LHB Tad Venger
|
0-0: Called Strike 0-1: Fly out, F9 (Flyball, 89D, EV 101.9 MPH)
|
Batting: RHB Mike Gallego
|
0-0: Ball 1-0: Ground out 4-3 (Groundball, 4S, EV 80.0 MPH)
|
Bottom of the 4th over - 0 runs, 0 hits, 0 errors, 1 left on base; Gastonia 2 - Anderson 10 |
TOP OF THE 5TH |
Gastonia Rockets batting - Pitching for Anderson Rebels : RHP Steven Smith
|
Batting: RHB Donald Murelli
|
0-0: Ground out 6-3 (Groundball, 56, EV 83.8 MPH)
|
Batting: RHB Kurt Kingsolver
|
0-0: Called Strike 0-1: Foul Ball, location: 2F 0-2: Strikes out looking
|
Batting: RHB Glenn Jones
|
0-0: Called Strike 0-1: Ball 1-1: Ball 2-1: Ball 3-1: Foul Ball, location: 2F 3-2: Strikes out looking
|
Top of the 5th over - 0 runs, 0 hits, 0 errors, 0 left on base; Gastonia 2 - Anderson 10 |
BOTTOM OF THE 5TH |
Anderson Rebels batting - Pitching for Gastonia Rockets : LHP David Cammack
|
Batting: LHB Eli Aldridge
|
0-0: Ball 1-0: Foul Ball, location: 2F 1-1: Ball 2-1: Called Strike 2-2: Ball 3-2: Ground out 6-3 (Groundball, 6, EV 93.8 MPH)
|
Batting: RHB Henry Cotto
|
0-0: Ground out 4-3 (Groundball, 13, EV 90.6 MPH)
|
Batting: RHB Larry See
|
0-0: Ball 1-0: Foul Ball, location: 2F 1-1: Foul Ball, location: 2F 1-2: Ball 2-2: Fly out, F8 (Line Drive, 8LM, EV 94.4 MPH)
|
Bottom of the 5th over - 0 runs, 0 hits, 0 errors, 0 left on base; Gastonia 2 - Anderson 10 |
TOP OF THE 6TH |
Gastonia Rockets batting - Pitching for Anderson Rebels : RHP Steven Smith
|
Batting: RHB Jackie Wright
|
0-0: Ball 1-0: Ground out 4-3 (Groundball, 4, EV 83.1 MPH)
|
Batting: LHB Dale Holman
|
0-0: Ball 1-0: Foul Ball, location: 2F 1-1: Ball 2-1: Ground out U3 (Groundball, 3, EV 83.1 MPH)
|
Batting: RHB Mark Davidson
|
0-0: Ball 1-0: Ball 2-0: Foul Ball, location: 2F 2-1: Called Strike 2-2: Ball 3-2: Ground out 6-3 (Groundball, 4M, EV 96.3 MPH)
|
Top of the 6th over - 0 runs, 0 hits, 0 errors, 0 left on base; Gastonia 2 - Anderson 10 |
BOTTOM OF THE 6TH |
Anderson Rebels batting - Pitching for Gastonia Rockets : LHP David Cammack
|
Batting: RHB Todd Demeter
|
0-0: Swinging Strike 0-1: Foul Ball, location: 2F 0-2: Ball 1-2: Ball 2-2: Foul Ball, location: 2F 2-2: Ball 3-2: SINGLE (Line Drive, 9S, EV 92.5 MPH)
|
Batting: LHB James Beck
|
0-0: Foul Ball, location: 2F 0-1: Foul Ball, location: 2F 0-2: Ball 1-2: Fielders Choice at 2nd, 4-6 (Groundball, 4, EV 82.5 MPH)
|
Batting: RHB Guillermo Montiel
|
0-0: Ground out U3 (Groundball, 34S, EV 67.5 MPH) James Beck to second
|
Batting: RHB Jose Bernhardt
|
0-0: Called Strike 0-1: Ball 1-1: Fly out, F8 (Flyball, 89XD, EV 103.1 MPH)
|
Bottom of the 6th over - 0 runs, 1 hit, 0 errors, 1 left on base; Gastonia 2 - Anderson 10 |
TOP OF THE 7TH |
Gastonia Rockets batting - Pitching for Anderson Rebels : RHP Steven Smith
|
Now at 1B: Kyle Hawthorne
|
|
Batting: LHB Reginald Thomas
|
0-0: Ball 1-0: Foul Ball, location: 2F 1-1: Ball 2-1: Ball 3-1: SOLO HOME RUN (Flyball, 9D, EV 107.5 MPH), Distance : 397 ft
|
Batting: RHB James Crawford
|
0-0: Ball 1-0: Swinging Strike 1-1: Swinging Strike 1-2: Ball 2-2: Strikes out looking
|
Batting: RHB Pat Dumouchelle
|
0-0: Ball 1-0: Ball 2-0: Called Strike 2-1: Ball 3-1: Ground out 5-3 (Groundball, 5, EV 106.9 MPH)
|
Batting: RHB Donald Murelli
|
0-0: Called Strike 0-1: Called Strike 0-2: Ball 1-2: Ground out 5-3 (Groundball, 56S, EV 69.4 MPH)
|
Top of the 7th over - 1 run, 1 hit, 0 errors, 0 left on base; Gastonia 3 - Anderson 10 |
BOTTOM OF THE 7TH |
Anderson Rebels batting - Pitching for Gastonia Rockets : LHP David Cammack
|
Batting: LHB Tad Venger
|
0-0: Called Strike 0-1: Ball 1-1: Foul Ball, location: 2F 1-2: Ball 2-2: Foul Ball, location: 2F 2-2: Ball 3-2: Strikes out swinging
|
Pitching: LHP Carlos Arroyo
|
|
Batting: RHB Mike Gallego
|
0-0: Ball 1-0: Ball 2-0: Called Strike 2-1: Ball 3-1: Foul Ball, location: 2F 3-2: Foul Ball, location: 2F 3-2: Foul Ball, location: 2F 3-2: Foul Ball, location: 2F 3-2: Strikes out looking
|
Batting: LHB Eli Aldridge
|
0-0: DOUBLE (Line Drive, 7LS, EV 96.3 MPH)
|
Batting: RHB Henry Cotto
|
0-0: Called Strike 0-1: Called Strike 0-2: Ball 1-2: 2-RUN HOME RUN (Flyball, 78XD, EV 100.0 MPH), Distance : 400 ft
|
Batting: RHB Larry See
|
0-0: Fly out, F8 (Flyball, 89M, EV 87.5 MPH)
|
Bottom of the 7th over - 2 runs, 2 hits, 0 errors, 0 left on base; Gastonia 3 - Anderson 12 |
TOP OF THE 8TH |
Gastonia Rockets batting - Pitching for Anderson Rebels : RHP Steven Smith
|
Batting: RHB Kurt Kingsolver
|
0-0: Called Strike 0-1: Called Strike 0-2: Ball 1-2: Strikes out looking
|
Batting: RHB Glenn Jones
|
0-0: Ball 1-0: Swinging Strike 1-1: Ball 2-1: Swinging Strike 2-2: Foul Ball, location: 2F 2-2: Ground out 5-3 (Groundball, 56, EV 88.1 MPH)
|
Batting: RHB Jackie Wright
|
0-0: Called Strike 0-1: Ball 1-1: Ball 2-1: Fly out, F3 (Flyball, 3D, EV 81.9 MPH)
|
Top of the 8th over - 0 runs, 0 hits, 0 errors, 0 left on base; Gastonia 3 - Anderson 12 |
BOTTOM OF THE 8TH |
Anderson Rebels batting - Pitching for Gastonia Rockets : LHP Carlos Arroyo
|
Batting: RHB Kyle Hawthorne
|
0-0: Ball 1-0: Ball 2-0: Ball 3-0: Base on Balls
|
Pitching: RHP Harvey Akers
|
|
Batting: LHB James Beck
|
0-0: Ball 1-0: Fly out, F4 (Popup, 4, EV 71.3 MPH)
|
Batting: RHB Guillermo Montiel
|
0-0: Called Strike 0-1: Ball 1-1: Swinging Strike 1-2: Ball 2-2: Foul Ball, location: 2F 2-2: Ball 3-2: Base on Balls Kyle Hawthorne to second
|
Batting: RHB Jose Bernhardt
|
0-0: Ball 1-0: Ball 2-0: Fly out, F8 (Line Drive, 8LM, EV 96.3 MPH)
|
Batting: LHB Tad Venger
|
0-0: Called Strike 0-1: Swinging Strike 0-2: Fly out, F3 (Line Drive, 3, EV 65.0 MPH)
|
Bottom of the 8th over - 0 runs, 0 hits, 0 errors, 2 left on base; Gastonia 3 - Anderson 12 |
TOP OF THE 9TH |
Gastonia Rockets batting - Pitching for Anderson Rebels : RHP Steven Smith
|
Batting: LHB Dale Holman
|
0-0: Fly out, F8 (Flyball, 8RXD, EV 93.1 MPH)
|
Batting: RHB Mark Davidson
|
0-0: Ball 1-0: Foul Ball, location: 2F 1-1: Ball 2-1: Swinging Strike 2-2: Fly out, F7 (Line Drive, 7, EV 102.5 MPH)
|
Batting: LHB Reginald Thomas
|
0-0: Ground out 6-3 (Groundball, 6M, EV 85.0 MPH)
|
Top of the 9th over - 0 runs, 0 hits, 0 errors, 0 left on base; Gastonia 3 - Anderson 12 |
|